 Dungeon Crawl Stone Soup version 0.21.1-1-g345015f (webtiles) character file.

8803 nicolaieve the Severer (level 11, -3/95 HPs)
             Began as a Minotaur Berserker on July 19, 2018.
             Was a High Priest of Trog.
             Slain by a two-headed ogre
             ... wielding a +0 giant club
              (6 damage)
             ... on level 9 of the Dungeon.
             The game lasted 00:31:37 (7507 turns).

nicolaieve the Severer (Minotaur Berserker)         Turns: 7507, Time: 00:31:38

Health: -3/95      AC: 15    Str: 24    XL:     11   Next: 14%
Magic:  10/10      EV:  8    Int:  4    God:    Trog [*****.]
Gold:   497        SH:  0    Dex: 11    Spells: 10/10 levels left

rFire    . . .     SeeInvis .   n - +0 war axe (chop)
rCold    . . .     Gourm    .   (no shield)
rNeg     . . .     Faith    .   E - +0 plate armour (curse)
rPois    .         Spirit   .   (helmet restricted)
rElec    .         Reflect  .   (no cloak)
rCorr    .         Harm     .   (no gloves)
MR       .....                  D - +0 pair of boots
Stlth    ..........             (no amulet)
HPRegen  0.25/turn              d - ring of flight
MPRegen  0.12/turn              (no ring)

@: berserk cooldown, slowed, very slow
A: retaliatory headbutt, horns 2
a: Berserk, Trog's Hand, Brothers in Arms, Burn Spellbooks, Renounce Religion,
Evoke Flight


You were on level 9 of the Dungeon.
You worshipped Trog.
Trog was extremely pleased with you.
You were hungry.

You visited 1 branch of the dungeon, and saw 9 of its levels.

You collected 536 gold pieces.
You spent 39 gold pieces at shops.

Inventory:

Hand Weapons
 n - a +0 war axe of chopping (weapon)
 G - a +0 battleaxe
Armour
 D - a +0 pair of boots (worn)
 E - a cursed +0 plate armour (worn)
Jewellery
 d - a ring of flight (left hand)
Wands
 s - a wand of disintegration (19)
 w - a wand of flame (21)
 x - a wand of polymorph (6)
 y - a wand of acid (6)
Scrolls
 b - a scroll of brand weapon
 h - a scroll of immolation {unknown}
 i - a scroll of magic mapping {unknown}
 j - a scroll of enchant armour {unknown}
 l - a scroll of fog {unknown}
 m - 3 scrolls of teleportation
 p - a scroll of blinking {unknown}
 q - a scroll of random uselessness {unknown}
 t - 2 scrolls of enchant weapon
 u - a scroll of remove curse
 A - a scroll of holy word {unknown}
Potions
 e - a potion of invisibility
 g - 4 potions of mutation
 k - 4 potions of flight
 o - 6 potions of curing
 r - 2 potions of heal wounds
 v - a potion of might
 z - 2 potions of lignification
 C - a potion of haste
Comestibles
 a - 2 chunks of flesh
 c - 19 rations


   Skills:
 - Level 8.6 Fighting
 * Level 16.4 Axes
 - Level 8.9 Armour
 - Level 2.1 Dodging


You had 10 spell levels left.
You didn't know any spells.

Dungeon Overview and Level Annotations

Branches:
Dungeon (9/15)             Temple (0/1) D:4
   Lair: D:8-11         Orc: D:9-12

Altars:
Cheibriados
Elyvilon
Hepliaklqana
Kikubaaqudgha
Nemelex Xobeh
Okawaru
Trog
Vehumet
Wu Jian

Shops:
D:8 *   D:9 (


Innate Abilities, Weirdness & Mutations

You reflexively headbutt those who attack you in melee.
You have a pair of horns on your head.


Message History

You feel yourself slow down.
Found an escape hatch in the floor.
Something hits you but does no damage.
Some of the chunks of flesh in your inventory have rotted away.
Something hits you. Something shocks you.
* * * LOW HITPOINT WARNING * * *
Something hits you but does no damage. Something hits you but does no damage.
A sky beast appears from thin air!
Reactivating autopickup.
The sky beast barely misses you.
The two-headed ogre hits you with a giant club!
* * * LOW HITPOINT WARNING * * *
The two-headed ogre hits you but does no damage.
A crimson imp appears from thin air!
The sky beast hits you but does no damage.
The two-headed ogre hits you with a giant club!!
* * * LOW HITPOINT WARNING * * *
The two-headed ogre hits you with a giant club.
You die...

####.............................
.....####........................
.......##.......≈......>###..#...
###.....#...........5...#
###...................#
##..................#.
##.####................ ##.#
####YO.......#... #..#
##.@............ ###
##.#######...............
..###........................
...#...###.................#.
.............................
....##.###...#...............
[...#..##....................
...##.#.....)##..............
..#.....#.#...<.####...>...#.


You could see a two-headed ogre, a sky beast and a crimson imp.

Vanquished Creatures
  5 two-headed ogres
  An unseen horror (D:8)
  2 trolls (D:9)
  The ghost of dscm the Vandal, an amateur CeHu (D:4)
  Grinder (D:5)
  4 vampire mosquitoes (D:9)
  3 ice beasts
  2 sky beasts
  2 orc warriors
  A black bear (D:8)
  2 phantoms
  4 ogres
  4 centaurs
  2 big kobolds
  5 bullfrogs
  A gnoll sergeant (D:8)
  A wyvern zombie (D:8)
  2 scorpions
  3 howler monkeys
  5 crimson imps
  A quasit (D:7)
  4 jellies
  4 centaur skeletons
  5 hounds
  Crazy Yiuf (D:3)
  2 gnoll shamans
  Ijyb (D:4)
  A bullfrog skeleton (D:7)
  3 iguanas
  5 orc wizards
  7 worker ants
  2 hound skeletons
  A hound zombie (D:7)
  2 worker ant zombies
  6 adders
  11 gnolls
  A shadow imp (D:7)
  2 oozes (D:2)
  An adder skeleton (D:5)
  2 adder zombies
  2 worms
  A dart slug (D:3)
  2 leopard geckos
  16 orcs
  A ball python (D:1)
  6 bats
  2 giant cockroaches
  6 goblins
  5 hobgoblins
  9 jackals
  3 quokkas
  3 frilled lizards
  20 kobolds
  4 rats
193 creatures vanquished.

Notes
Turn   | Place    | Note
-------+----------+-------------------------------------------
     0 | D:1      | nicolaieve the Minotaur Berserker began the quest for the Orb.
     0 | D:1      | Reached XP level 1. HP: 19/19 MP: 0/0
   222 | D:1      | Reached skill level 4 in Axes
   296 | D:1      | Reached XP level 2. HP: 26/26 MP: 1/1
   946 | D:2      | Reached skill level 5 in Axes
   946 | D:2      | Reached XP level 3. HP: 17/31 MP: 2/2
  1072 | D:2      | Reached ** piety under Trog
  1206 | D:2      | Reached skill level 6 in Axes
  1206 | D:2      | Reached XP level 4. HP: 25/39 MP: 3/3
  2101 | D:3      | Found a bloodstained altar of Trog.
  2446 | D:3      | Found a runed door.
  2546 | D:3      | Noticed Crazy Yiuf
  2550 | D:3      | Killed Crazy Yiuf
  2580 | D:4      | Noticed dscm's ghost (amateur CeHu)
  2584 | D:4      | Reached skill level 7 in Axes
  2584 | D:4      | Reached XP level 5. HP: 25/45 MP: 4/4
  2614 | D:4      | Killed dscm's ghost
  2614 | D:4      | Reached skill level 8 in Axes
  2614 | D:4      | Reached XP level 6. HP: 19/51 MP: 5/5
  2624 | D:4      | Reached skill level 9 in Axes
  2653 | D:4      | Found a staircase to the Ecumenical Temple.
  2689 | D:4      | Reached XP level 7. HP: 25/57 MP: 6/6
  2764 | D:4      | Found a white marble altar of Elyvilon.
  2766 | D:4      | Found an ornate altar of the Wu Jian Council.
  2769 | D:4      | Found a hazy altar of Hepliaklqana.
  2769 | D:4      | Found an ancient bone altar of Kikubaaqudgha.
  2852 | D:4      | Reached skill level 10 in Axes
  3015 | D:4      | Found a radiant altar of Vehumet.
  3015 | D:4      | Found a sparkling altar of Nemelex Xobeh.
  3034 | D:4      | Noticed Ijyb
  3049 | D:4      | Killed Ijyb
  3383 | D:5      | Entered Level 5 of the Dungeon
  3385 | D:5      | Noticed Grinder
  3392 | D:5      | Killed Grinder
  3392 | D:5      | Reached skill level 11 in Axes
  3392 | D:5      | Reached XP level 8. HP: 64/64 MP: 7/7
  3808 | D:5      | Reached *** piety under Trog
  3816 | D:5      | Reached skill level 12 in Axes
  4218 | D:5      | Found a snail-covered altar of Cheibriados.
  5405 | D:7      | Reached skill level 5 in Fighting
  5405 | D:7      | Reached XP level 9. HP: 66/74 MP: 8/8
  5474 | D:7      | Reached skill level 5 in Armour
  5726 | D:7      | Reached skill level 13 in Axes
  5734 | D:7      | Reached **** piety under Trog
  6184 | D:8      | Noticed a two-headed ogre
  6199 | D:8      | Killed a two-headed ogre
  6199 | D:8      | Reached XP level 10. HP: 85/88 MP: 9/9
  6387 | D:8      | Noticed a two-headed ogre
  6393 | D:8      | Killed a two-headed ogre
  6417 | D:8      | Found a sparkling altar of Nemelex Xobeh.
  6454 | D:8      | Found Niothraso's General Store.
  6457 | D:8      | Bought a scroll of remove curse for 39 gold pieces
  6679 | D:8      | Killed an unseen horror
  6679 | D:8      | Reached skill level 14 in Axes
  6733 | D:8      | Reached ***** piety under Trog
  6796 | D:8      | Found an iron altar of Okawaru.
  7183 | D:9      | Reached skill level 15 in Axes
  7242 | D:9      | Noticed a two-headed ogre
  7254 | D:9      | Killed a two-headed ogre
  7470 | D:9      | Found Gobbuboe's Antique Weapon Shoppe.
  7473 | D:9      | Noticed a two-headed ogre
  7475 | D:9      | Noticed a two-headed ogre
  7481 | D:9      | Killed a two-headed ogre
  7481 | D:9      | Reached skill level 16 in Axes
  7481 | D:9      | Reached XP level 11. HP: 66/95 MP: 10/10
  7482 | D:9      | Noticed a two-headed ogre
  7485 | D:9      | Killed a two-headed ogre
  7507 | D:9      | HP: 3/95 [two-headed ogre/giant club (18)]
  7507 | D:9      | Slain by a two-headed ogre

Skill      XL: |  1  2  3  4  5  6  7  8  9 10 |
---------------+-------------------------------+-----
Axes           | 4 5 6 7 8 9 11 12 13 16 | 16.4
Fighting       | 5 8 |  8.6
Armour         | 4 8 |  8.9
Dodging        | |  2.1

Action                   |  1- 3 |  4- 6 |  7- 9 | 10-12 || total
-------------------------+-------+-------+-------+-------++-------
Melee: Hand axe          |    62 |    85 |   362 |    73 ||   582
       Headbutt          |    17 |    16 |    68 |    27 ||   128
       Unarmed           |       |       |     4 |       ||     4
       War axe           |       |       |       |    56 ||    56
Invok: Trog's Hand       |     1 |     1 |     1 |       ||     3
       Berserk           |       |     2 |     8 |     4 ||    14
  Use: Scroll            |       |       |    14 |     2 ||    16
       Potion            |       |       |       |     1 ||     1
  Eat: Chunk             |     1 |     4 |    15 |     8 ||    28
       Ration            |       |     1 |     1 |       ||     2
Armor: Animal skin       |     2 |       |       |       ||     2
       Chain mail        |    40 |    37 |   150 |    12 ||   239
       Plate armour      |       |       |       |    89 ||    89
Dodge: Dodged            |    41 |    24 |   151 |    67 ||   283
